Workbook
Name __xlfn_IFERROR: #REF!
Name __xlfn_SUMIFS: #REF!
Name ANOS: '[1]DADOS (OCULTAR)'!$AO$3:$AO$13
Name ANOSCGUNIDOSS: '[1]DADOS (OCULTAR)'!$AC$4:$AC$55
Name CATDESP6: '[1]DADOS (OCULTAR)'!$B$3:$B$175
Name CLASSIF: #REF!
Name COMPET: '[1]DADOS (OCULTAR)'!$D$4:$D$147
Name DIVISÃO: '[1]DADOS (OCULTAR)'!$V$3:$V$4
Name EVENTO: [1]MEM.CÁLC.FP.!$B$6:$B$7
Name Excel_BuiltIn__FilterDatabase: 'CONTÁBIL- FINANCEIRA '!$B$31:$G$283
Name Excel_BuiltIn_Print_Area_8: #REF!
Name Excel_BuiltIn_Print_Area_8: #REF!
Name Excel_BuiltIn_Print_Area_9: #REF!
Name Excel_BuiltIn_Print_Area_9: #REF!
Name listaunidades: '[1]DADOS (OCULTAR)'!$Q$3:$Q$120
Name MESES: '[1]DADOS (OCULTAR)'!$AA$4:$AA$15
Name NÃO: 'CONTÁBIL- FINANCEIRA '!$G$6
Name PIS: '[1]DADOS (OCULTAR)'!$BO$2:$BO$3
Name Print_Area_0: 'CONTÁBIL- FINANCEIRA '!$C$1:$G$300
Name Print_Area_0_0: 'CONTÁBIL- FINANCEIRA '!$C$1:$G$300
Name Print_Area_0_0_0: 'CONTÁBIL- FINANCEIRA '!$C$1:$G$300
Name Print_Area_0_0_0_0: 'CONTÁBIL- FINANCEIRA '!$C$1:$G$300
Name Print_Area_0_0_0_0_0: 'CONTÁBIL- FINANCEIRA '!$C$1:$G$300
Name Receita_Verificador_Bancário: '[1]DADOS (OCULTAR)'!$AE$3:$AE$4
Name RELDESPPG: '[1]DADOS (OCULTAR)'!$AL$3:$AL$203
Name UNIDADES: '[1]DADOS (OCULTAR)'!$Q$3:$Q$120

Sheet CONTÁBIL- FINANCEIRA 
D1: DIRETORIA EXECUTIVA DE REGULAÇÃO MÉDIA E ALTA COMPLEXIDADE | F1: PCF - Maio/2022 - V1
D2: DIRETORIA EXECUTIVA DE PLANEJAMENTO ORÇAMENTO E GESTÃO DA INFORMAÇÃO | F2: MÊS/ANO COMPETÊNCIA | G2: ANO CONTRATO
D3: SECRETARIA DE ADMINISTRAÇÃO E FINANÇAS
D4: DEMONSTRATIVO DE CONTRATOS SERVIÇOS TERCEIRIZADOS | F4: 44682 | G4: 1 | BB4: Vínculos
D5: DEMONSTRATIVO DE RESULTADO CONTÁBIL - FINANCEIRO MENSAL | BB5: Pessoal
C6: UNIDADE (acessar lista suspensa) | E6: RESPONSÁVEL PELA UNIDADE | F6: ISENTO PIS: | H6: =IF(AND(G6="SIM",[1]MEM.CÁLC.FP.!C29<>0),"Verificar Informações do PIS - Aba Mem.Cálc.FP",IF(AND(G6="NÃO",[1]MEM.CÁLC.FP.!C29=0),"Verificar Informações do PIS - Aba Mem.Cálc.FP",IF(AND(G6="NÃO",[1]MEM.CÁLC.FP.!C29>0),"OK","")))
C7: HECPI - COVID | E7: ROBERTA MONTEIRO | F7: CNPJ | G7: =IFERROR(VLOOKUP($C$7,'[1]DADOS (OCULTAR)'!$Q$3:$S$133,3,0),"") -> 9039744000194
C8: =IFERROR(VLOOKUP($C$7,'[1]DADOS (OCULTAR)'!$Q$3:$S$120,2,0),"") -> Fundação Gestão Hospitalar Martiniano Fernandes - FGH | F8: OSS - GESTORA
C9: DESCRIÇÃO | F9: Data Início CG | G9: =IFERROR(VLOOKUP(C7,'[1]DADOS (OCULTAR)'!$Q$3:$T$133,4,0),"") -> 44256
F10: Nº do CG | G10: =IFERROR(VLOOKUP(C7,'[1]DADOS (OCULTAR)'!$Q$3:$U$120,5,0),"") -> 4801.1.71.2020
C11: RECEITAS OPERACIONAIS | F11: VALOR
C12: Repasse Contrato de Gestão (Fixo+Variável) | H12: Informação retirada do CG ou TA.
C13: Repasse Contrato de Gestão (Odontologia) | F13: 0 | H13: Informação retirada do CG ou TA.
C14: Repasse Contrato de Gestão ENSINO E PESQUISA | F14: 0 | H14: Informação retirada do CG ou TA.
C15: Plano de Investimento Autorizado pela SESAU | F15: 0
C16: Repasse Programas Especiais | F16: 0
C17: Receita - Manutenção da Administração Central da OSS | F17: =IF(C6="Prestação_de_Contas_OSS",'[1]Mem. Cálc. Núcleo'!F13,0) -> 0 | H17: Preenchimento Automático - Exclusivo PC - OSS
C18: ( - ) Desconto | F18: 0
C19: TOTAL DE REPASSES | F19: =SUM(F12:G17)-F18 -> 0
C20: Rendimento de Aplicações Financeiras | F20: =4197.07+59298.24 -> 63495.31 | H20: Digitar
C21: Rendimento de Aplicações Financeiras do Recurso de Plano de Investimento Autorizado pela SESAU | F21: 9558.78 | H21: Digitar
C22: Reembolso de Despesas | F22: 0 | H22: Digitar
C23: Obtenção de Recursos Externos a SESAU | F23: 0 | H23: Digitar
C24: Demais Receitas (Convênios) | F24: 0 | H24: Digitar
C25: Outras Receitas | F25: 0 | H25: Digitar
C26: Receita Recebida por Transferência de Saldo de Provisão (Admissão de Funcionário por Transferência) | H26: Digitar
C27: TOTAL OUTRAS RECEITAS | F27: =SUM(F20:G26) -> 73054.09
C28: TOTAL DE REPASSES/RECEITAS | F28: =F27+F19 -> 73054.09
C30: DESPESAS OPERACIONAIS | F30: VALOR
C31: 1. Pessoal | F31: =F32+SUM(F38:F41)+F55 -> 0
C32: 1.1. Ordenados (Não inclui férias, 13º e Rescisão) | F32: =F33+F36+F37 -> 0
C33: 1.1.1. Assistência Médica | F33: =F34+F35 -> 0
A34: 1 - Médico | B34: 1.1 | C34: 1.1.1.1. Médicos | F34: ='[1]TCE - ANEXO II - Preencher'!Y1 -> 0 | H34: Informação retirada do Anexo II - Preencher
A35: 2 - Outros Profissionais da Saúde | B35: 1.1 | C35: 1.1.1.2. Outros profissionais de saúde | F35: ='[1]TCE - ANEXO II - Preencher'!Y2 -> 0 | H35: Informação retirada do Anexo II - Preencher
A36: 4 - Assistência Odontológica | B36: 1.1 | C36: 1.1.2. Assistência Odontológica | F36: ='[1]TCE - ANEXO II - Preencher'!Y4 -> 0 | H36: Informação retirada do Anexo II - Preencher
A37: 3 - Administrativo | B37: 1.1 | C37: 1.1.3. Administrativo | F37: ='[1]TCE - ANEXO II - Preencher'!Y3 -> 0 | H37: Informação retirada do Anexo II - Preencher
A38: 2 - FGTS | B38: 1.2 | C38: 1.2. FGTS | F38: =[1]MEM.CÁLC.FP.!$D$97 -> 0 | H38: Informação retirada da MEM.CÁLC.FP.
A39: 1 - PIS | B39: 1.2 | C39: 1.3. PIS | F39: =IF(G6="SIM","",[1]MEM.CÁLC.FP.!$D$98) -> 0 | H39: Informação retirada da MEM.CÁLC.FP.
A40: 1.99 - Outras Depesas com Pessoal | B40: 1.99 | C40: 1.4. Benefícios | F40: =[1]MEM.CÁLC.FP.!$C$101 -> 0 | H40: Informação retirada da MEM.CÁLC.FP.
C41: 1.5. Despesas com Provisões (Férias + 13º + Rescisões) | F41: =F42+F46+F50 -> 0
C42: 1.5.1. Total Férias | F42: =SUM(F43:G45) -> 0
C43: 1.5.1.2. Proventos Férias | F43: =SUM([1]MEM.CÁLC.FP.!D6:D7) -> 0 | H43: Informação retirada da MEM.CÁLC.FP.
A44: 2 - FGTS | B44: 1.2 | C44: 1.5.1.2. FGTS s/ Férias | F44: =SUM([1]MEM.CÁLC.FP.!F6:F7) -> 0 | H44: Informação retirada da MEM.CÁLC.FP.
A45: 1 - PIS | B45: 1.2 | C45: 1.5.1.3. PIS s/ Férias | F45: =IF(G6="SIM","",SUM([1]MEM.CÁLC.FP.!G6:G7)) -> 0 | H45: Informação retirada da MEM.CÁLC.FP.
C46: 1.5.2. Total 13º Salário | F46: =SUM(F47:G49) -> 0
C47: 1.5.2.1. Proventos 13º Salário | F47: =SUM([1]MEM.CÁLC.FP.!D9:D10) -> 0 | H47: Informação retirada da MEM.CÁLC.FP.
A48: 2 - FGTS | B48: 1.2 | C48: 1.5.2.2. FGTS s/ 13º Salário | F48: =SUM([1]MEM.CÁLC.FP.!F9:F10) -> 0 | H48: Informação retirada da MEM.CÁLC.FP.
A49: 1 - PIS | B49: 1.2 | C49: 1.5.2.3. PIS s/ 13º Salário | F49: =IF(G6="SIM","",SUM([1]MEM.CÁLC.FP.!G9:G10)) -> 0 | H49: Informação retirada da MEM.CÁLC.FP.
C50: 1.5.3. Rescisões | F50: =SUM(F51:G54) -> 0
C51: 1.5.3.1. Proventos Rescisões | F51: =[1]MEM.CÁLC.FP.!D12+[1]MEM.CÁLC.FP.!D14-[1]MEM.CÁLC.FP.!D13-[1]MEM.CÁLC.FP.!D15 -> 0 | H51: Informação retirada da MEM.CÁLC.FP.
A52: 2 - FGTS | B52: 1.2 | C52: 1.5.3.2. FGTS s/ Rescisões | F52: =SUM([1]MEM.CÁLC.FP.!F12:F15) -> 0 | H52: Informação retirada da MEM.CÁLC.FP.
A53: 1 - PIS | B53: 1.2 | C53: 1.5.3.3. PIS s/ Rescisões | F53: =IF(G6="SIM","",SUM([1]MEM.CÁLC.FP.!G12:G15)) -> 0 | H53: Informação retirada da MEM.CÁLC.FP.
A54: 2 - FGTS | B54: 1.2 | C54: 1.5.3.4. GRFF s/ Rescisões | F54: =SUM([1]MEM.CÁLC.FP.!H12:H15) -> 0 | H54: Informação retirada da MEM.CÁLC.FP.
C55: 1.6. Rescisões (Transferências - Para Controle de Saldo de Provisão) | F55: =F56 -> 0
C56: 1.6.1. Simulação de Rescisão (Exclusivo Transferência de Funcionário entre Unidades da mesma OSS) | F56: =[1]MEM.CÁLC.FP.!J17 -> 0 | H56: Informação retirada da MEM.CÁLC.FP.
A57: 2.1. Materiais Descartáveis/Materiais de Penso | B57: 3.12 | C57: 2. Insumos Assistenciais | F57: =SUM(F58:G65) -> 4055.25
A58: 2.2. Medicamentos | B58: 3.4 | C58: 2.1. Materiais Descartáveis/Materiais de Penso | H58: Informação retirada da memória de cálculo do estoque
A59: 2.3. Dietas Industrializadas | B59: 3.3 | C59: 2.2. Medicamentos | F59: 2319.29 | H59: Informação retirada da memória de cálculo do estoque
A60: 2.4. Gases Medicinais | B60: 3.2 | C60: 2.3. Dietas Industrializadas | H60: Informação retirada da memória de cálculo do estoque
A61: 2.5. OPME (Orteses, Próteses e Materiais Especiais) | B61: 3.13 | C61: 2.4. Gases Medicinais | H61: Informação retirada da memória de cálculo do estoque
A62: 2.6. Material de uso odontológico | B62: 3.5 | C62: 2.5. OPME (Orteses, Próteses e Materiais Especiais) | H62: Informação retirada da memória de cálculo do estoque
A63: 2.7. Material laboratorial | B63: 3.11 | C63: 2.6. Material de uso odontológico | H63: Informação retirada da memória de cálculo do estoque
A64: 2.8. Outras Despesas com Insumos Assistenciais | B64: 3.99 | C64: 2.7. Material laboratorial | F64: 1735.96 | H64: Informação retirada da memória de cálculo do estoque
C65: 2.8. Outras Despesas com Insumos Assistenciais | H65: Informação retirada da memória de cálculo do estoque
A66: 3.1. Material de Higienização e Limpeza | B66: 3.7 | C66: 3. Materiais/Consumos Diversos | F66: =SUM(F67:G71)+F72+F81+F82 -> -5238.2
A67: 3.2. Material/Gêneros Alimentícios | B67: 3.3 | C67: 3.1. Material de Higienização e Limpeza | H67: Informação retirada da memória de cálculo do estoque
A68: 3.3. Material Expediente | B68: 3.6 | C68: 3.2. Material/Gêneros Alimentícios | H68: Informação retirada da memória de cálculo do estoque
A69: 3.4. Combustível | B69: 3.1 | C69: 3.3. Material Expediente | F69: -89.88 | H69: Informação retirada da memória de cálculo do estoque
A70: 3.5. GLP | B70: 3.2 | C70: 3.4. Combustível | H70: Informação retirada da memória de cálculo do estoque
C71: 3.5. GLP | H71: Informação retirada da memória de cálculo do estoque
A72: 3.6.1. Manutenção de Bem Imóvel | B72: 3.9 | C72: 3.6. Material de Manutenção | F72: =F73+F74 -> -5148.32
C73: 3.6.1. Manutenção de Bem Imóvel | F73: -5148.32 | H73: Informação retirada da memória de cálculo do estoque
A74: 3.6.2.1. Equipamentos de Informática | B74: 3.10 | C74: 3.6.2. Manutenção de Bem Móvel | F74: =F75+F76+F79+F80 -> 0
C75: 3.6.2.1. Suprimentos de Informática | H75: Informação retirada da memória de cálculo do estoque
A76: 3.6.2.2.1. Lubrificantes Veiculares | B76: 3.1 | C76: 3.6.2.2. Manutenção de Veículos | F76: =SUM(F77:G78) -> 0
A77: 3.6.2.2.2. Outros Materiais de Manutenção de Veículos | B77: 3.10 | C77: 3.6.2.2.1. Lubrificantes Veiculares | H77: Informação retirada da memória de cálculo do estoque
A78: 3.6.2.3. Equipamento Médico-Hospitalar | B78: 3.10 | C78: 3.6.2.2.2. Outros Materiais de Manutenção de Veículos | H78: Informação retirada da memória de cálculo do estoque
A79: 3.6.2.4. Outros materiais de Manutenção de Bem Móvel | B79: 3.99 | C79: 3.6.2.3. Equipamento Médico-Hospitalar | H79: Informação retirada da memória de cálculo do estoque
A80: 3.7. Tecidos, Fardamentos e EPI | B80: 3.8 | C80: 3.6.2.4. Outros Materiais de Manutenção de Bem Móvel | H80: Informação retirada da memória de cálculo do estoque
A81: 3.8. Outras Despesas com Materiais Diversos | B81: 3.99 | C81: 3.7. Tecidos, Fardamentos e EPI | H81: Informação retirada da memória de cálculo do estoque
C82: 3.8. Outras Despesas com Materiais Diversos | H82: Informação retirada da memória de cálculo do estoque
A83: 4.1. Seguros (Imóvel e veículos) | B83: 5.21 | C83: 4. Seguros/Tributos/Despesas Bancárias | F83: =F84+F85+F88 -> 0
C84: 4.1. Seguros (Imóvel e veículos) | F84: =SUMIF('[1]TCE - ANEXO IV - Preencher'!$D:$D,'CONTÁBIL- FINANCEIRA '!A83,'[1]TCE - ANEXO IV - Preencher'!$N:$N) -> 0 | H84: Informação retirada do Anexo IV - Preencher
A85: 4.2.1. Taxas | B85: 5.99 | C85: 4.2. Tributos (Taxas e Contribuições) | F85: =F86+F87 -> 0
A86: 4.2.2. Contribuições | B86: 5.99 | C86: 4.2.1. Taxas | F86: =SUMIF('[1]TCE - ANEXO IV - Preencher'!$D:$D,'CONTÁBIL- FINANCEIRA '!A85,'[1]TCE - ANEXO IV - Preencher'!$N:$N) -> 0 | H86: Informação retirada do Anexo IV - Preencher
C87: 4.2.2. Contribuições | F87: =SUMIF('[1]TCE - ANEXO IV - Preencher'!$D:$D,'CONTÁBIL- FINANCEIRA '!A86,'[1]TCE - ANEXO IV - Preencher'!$N:$N) -> 0 | H87: Informação retirada do Anexo IV - Preencher
A88: 4.3.1. Taxa de Manutenção de Conta | B88: 5.25 | C88: 4.3. Despesas Bancárias (Taxa de Manutenção/Tarifas) | F88: =F89+F90 -> 0
A89: 4.3.2. Tarifas | B89: 5.25 | C89: 4.3.1. Taxa de Manutenção de Conta | F89: =SUMIF('[1]TCE - ANEXO IV - Preencher'!$D:$D,'CONTÁBIL- FINANCEIRA '!A88,'[1]TCE - ANEXO IV - Preencher'!$N:$N) -> 0 | H89: Informação retirada do Anexo IV - Preencher
C90: 4.3.2. Tarifas | F90: =SUMIF('[1]TCE - ANEXO IV - Preencher'!$D:$D,'CONTÁBIL- FINANCEIRA '!A89,'[1]TCE - ANEXO IV - Preencher'!$N:$N) -> 0 | H90: Informação retirada do Anexo IV - Preencher
D92: _____________________________________________________________________ | E92: ______/______/_______ | F92: _____________________________________
D93: RECEBIMENTO SESAU/NGCOSS (DATA e ASSINATURA) | E93: DATA | F93: ASSINATURA RESPONSÁVEL PELA UNIDADE
D94: =D1 -> DIRETORIA EXECUTIVA DE REGULAÇÃO MÉDIA E ALTA COMPLEXIDADE | F94: =F1 -> PCF - Maio/2022 - V1
D95: =D2 -> DIRETORIA EXECUTIVA DE PLANEJAMENTO ORÇAMENTO E GESTÃO DA INFORMAÇÃO | F95: =F2 -> MÊS/ANO COMPETÊNCIA | G95: =G2 -> ANO CONTRATO
D96: =D3 -> SECRETARIA DE ADMINISTRAÇÃO E FINANÇAS
D97: =D4 -> DEMONSTRATIVO DE CONTRATOS SERVIÇOS TERCEIRIZADOS | F97: =IF($F$4="","",$F$4) -> 44682 | G97: =IF(G4=0,"",G4) -> 1
D98: =D5 -> DEMONSTRATIVO DE RESULTADO CONTÁBIL - FINANCEIRO MENSAL
C99: UNIDADE | E99: RESPONSÁVEL PELA UNIDADE
C100: =IF(C7=0,"",C7) -> HECPI - COVID | E100: =IF(E7=0,"",E7) -> ROBERTA MONTEIRO
C101: DESPESAS OPERACIONAIS (continuação) | F101: VALOR
C102: 5. Gerais | F102: =F103+F106+F107+F108+F116+F114+F115 -> 0
...
